 Dungeon Crawl Stone Soup version 0.27-a0-1557-g57f10a385c (webtiles) character file.

Game seed: 102949530526208440

107 Sin92 the Skirmisher (level 4, -1/36 HPs)
             Began as a Demonspawn Fighter on July 15, 2021.
             Slain by a water moccasin (3 damage)
             ... on level 3 of the Dungeon.
             The game lasted 00:02:12 (2314 turns).

Sin92 the Skirmisher (Demonspawn Fighter)           Turns: 2314, Time: 00:02:13

Health: -1/36      AC:  8    Str: 17    XL:     4   Next: 57%
Magic:  4/4        EV:  7    Int: 10    God:
Gold:   97         SH:  9    Dex: 12    Spells: 3/3 levels left

rFire    + . .     SeeInvis .   a - +0 war axe
rCold    + . .     Faith    .   c - +0 kite shield
rNeg     . . .     Spirit   .   b - +0 scale mail
rPois    +         Reflect  .   (no helmet)
rElec    +         Harm     .   (no cloak)
rCorr    +         Rampage  .   (no gloves)
Will     .....                  (no boots)
Stlth    ..........             (no amulet)
HPRegen  0.12/turn              (no ring)
MPRegen  0.09/turn              (no ring)

@: lethally poisoned (-1 -> -23), resistant
A: rugged brown scales 2
a: no special abilities


You were on level 3 of the Dungeon.
You visited 1 branch of the dungeon, and saw 3 of its levels.

You collected 97 gold pieces.

Inventory:

Hand Weapons
 a - a +0 war axe (weapon)
Armour
 b - a +0 scale mail (worn)
 c - a +0 kite shield (worn)
Jewellery
 h - a +6 ring of intelligence
Scrolls
 i - 2 scrolls of silence {unknown}
Potions
 d - a potion of might
 f - 2 potions of cancellation
 j - 2 potions of lignification


   Skills:
 + Level 3.4 Fighting
 * Level 3.0 Axes
 + Level 3.1 Armour
 + Level 1.2 Dodging
 + Level 3.1 Shields


You had 3 spell levels left.
You didn't know any spells.
Your spell library was empty.

Dungeon Overview and Level Annotations

Branches:
Dungeon (3/15)

Altars:


Innate Abilities, Weirdness & Mutations

You are mostly covered in rugged brown scales. (AC +2, +5% HP)


Message History

The water moccasin bites you!
You are poisoned.
The water moccasin poisons you!
The water moccasin bites you but does no damage.
Unknown command.
You slash the water moccasin!
The water moccasin is severely wounded.
You feel very sick. The water moccasin bites you.
You are lethally poisoned!
The water moccasin poisons you!
The water moccasin bites you but does no damage.
You block the water moccasin's attack.
You are too injured to fight recklessly!
Unknown command.
You are too injured to fight recklessly!
Unknown command.
You are too injured to fight recklessly!
Unknown command.
You are too injured to fight recklessly!
It was a potion of resistance.
You feel protected.
You feel very sick. You block the water moccasin's attack.
It was a potion of curing.
You feel better.
The water moccasin bites you but does no damage.
You barely miss the water moccasin.
The water moccasin is severely wounded.
The water moccasin bites you. x2
You are poisoned.
The water moccasin poisons you! The water moccasin bites you.
You are more poisoned.
The water moccasin poisons you!
You barely miss the water moccasin.
The water moccasin is severely wounded.
* * * LOW HITPOINT WARNING * * *
You feel extremely sick.
The water moccasin bites you but does no damage.
The water moccasin bites you.
You die...

#######
##.....##..
#.S@.......
#...........
#...........
#...........
#...........
#.../.......
#......!....
##........!.


You could see a water moccasin.

Vanquished Creatures
  3 adders (D:2)
  2 worms
  A dart slug (D:1)
  2 ball pythons (D:1)
  5 bats
  4 endoplasms (D:1)
  5 giant cockroaches (D:1)
  8 goblins
  5 hobgoblins
  11 jackals
  3 quokkas
  3 frilled lizards
  4 kobolds
  7 rats
63 creatures vanquished.

Notes
Turn   | Place    | Note
-------+----------+-------------------------------------------
     0 | D:1      | Sin92 the Demonspawn Fighter began the quest for the Orb.
     0 | D:1      | Reached XP level 1. HP: 18/18 MP: 1/1
     1 | D:1      | Found a runed translucent door.
    57 | D:1      | Gained mutation: You are partially covered in rugged brown
                  | scales. (AC +1, +3% HP) [demonic ancestry]
    57 | D:1      | Reached XP level 2. HP: 11/24 MP: 2/2
  1085 | D:1      | Reached XP level 3. HP: 26/29 MP: 3/3
  1111 | D:1      | Reached skill level 1 in Dodging
  1500 | D:2      | Gained mutation: You are mostly covered in rugged brown
                  | scales. (AC +2, +5% HP) [demonic ancestry]
  1500 | D:2      | Reached XP level 4. HP: 29/36 MP: 4/4
  2306 | D:3      | Noticed a water moccasin
  2314 | D:3      | Slain by a water moccasin

Illustrated notes

Levels and vault maps discovered:
D:1:      dpeg_arrival_caged_fury, layout_basic, minivault_24,
          minmay_pentomino_r4
D:2:      layout_loops_ring
D:3:      layout_rooms, basic_ecumenical_altar, chequers_serial_rivers_micro_a

Skill      XL: |  1  2  3  4 |
---------------+-------------+-----
Axes           | 2 3 |  3.0
Armour         | 3 |  3.1
Shields        | 3 |  3.1
Dodging        | 1 |  1.2
Fighting       | |  3.4

Action                   |  1- 3 |  4- 6 || total
-------------------------+-------+-------++-------
Melee: War axe           |   126 |    96 ||   222
  Use: Scroll            |       |     2 ||     2
       Potion            |       |     2 ||     2
Armor: Scale mail        |    97 |    49 ||   146
Dodge: Dodged            |    54 |    40 ||    94
Block: Kite shield       |    98 |    53 ||   151

Table legend: (Time is in decaauts)
 A = Elapsed time spent in this place.
 B = Non-inter-level travel time spent in this place.
 C = Inter-level travel time spent in this place.
 D = Time resting spent in this place.
 E = Time spent auto-exploring this place.
 F = Levels seen in this place.
 G = Mean time per level.
                   A        B        C        D        E       F      G
               +--------+--------+--------+--------+--------+-----+--------+
         Total |   2449 |   2352 |     97 |    270 |   1599 |   3 |  816.3 |
       Dungeon |   2449 |   2352 |     97 |    270 |   1599 |   3 |  816.3 |
               +--------+--------+--------+--------+--------+-----+--------+

Top non-repeatable levels by time:
     D:1: 1461 daAuts
     D:2: 977 daAuts
     D:3: 10 daAuts
